Map: 카이로스 정션 - 래더

Players

Zest - Winner!

  • Race: Protoss Protoss
  • League: Master
  • Spawn Location: 11:00

herO

  • Race: Protoss Protoss
  • League: Grandmaster
  • Spawn Location: 5:00

Event: IEM Season 13 - Katowice Server Qualifiers America

VOD

Have the link to the VOD?

Description

Time

  • Played on: Jan. 6, 2019, 6:25 p.m.
  • Length: 6:00

All games in this series

Show
View Real Time Build Order
Export as new Build Order

Zest Protoss - Winner!

Build Orders:  

Get SALT Encoding   

  12  0:00  Probe  
  13  0:12  Probe  
  14  0:17  Pylon  
  14  0:24  Probe  
  15  0:32  Probe  
  15  0:37  Gateway  
  15  0:40  Probe  
  16  0:46  Assimilator  
  17  0:51  Probe  
  17  0:54  Assimilator  
  18  1:00  Probe  
  19  1:07  Gateway  
  19  1:08  Probe  
  19  1:17  Probe  
  20  1:23  Cybernetics Core  
  21  1:29  Probe  
  22  1:34  Pylon  
  22  1:41  Probe, Warp Gate  
  23  1:53  Probe  
  24  2:00  Stalker x2  
  28  2:08  Pylon  
  28  2:19  Pylon  
  28  2:30  Stalker  
  28  2:32  Stalker  
  32  3:00  Shield Battery, Stalker  
  32  3:02  Stalker  
  36  3:16  Nexus  
  36  3:20  Pylon  
  36  3:31  Shield Battery  
  36  3:43  Stalker  
  36  3:44  Stalker  
  39  4:09  Probe  
  38  4:14  Stalker x2  
  38  4:16  Stargate  
  42  4:22  Probe  
  43  4:28  Probe  
  44  4:34  Probe  
  45  4:45  Probe  
  46  4:46  Stalker x2  
  46  4:50  Probe  
  46  4:51  Phoenix  
  51  4:55  Pylon  
  53  5:09  Phoenix  
  53  5:13  Shield Battery  
  53  5:14  Probe x2  
  53  5:19  Sentry  
  59  5:25  Sentry  
  62  5:30  Pylon  
  62  5:32  Probe  
  62  5:37  Pylon  
  62  5:46  Stalker  
  56  5:51  Stalker  
Show
View Real Time Build Order
Export as new Build Order

herO Protoss 

Build Orders: Oracle Opening 

Get SALT Encoding   

  12  0:00  Probe  
  13  0:12  Probe  
  14  0:16  Pylon  
  14  0:23  Probe  
  15  0:31  Probe  
  16  0:37  Gateway  
  16  0:39  Probe  
  16  0:46  Assimilator  
  17  0:50  Probe  
  17  0:54  Assimilator  
  18  0:58  Probe  
  19  1:06  Probe  
  20  1:13  Gateway  
  20  1:17  Probe  
  20  1:24  Cybernetics Core  
  21  1:29  Probe  
  22  1:34  Pylon  
  22  1:41  Probe  
  23  1:53  Probe  
  24  2:00  Adept x2, Warp Gate  
  28  2:06  Pylon  
  28  2:27  Stalker x2  
  32  2:33  Stargate  
  32  2:57  Stalker x2  
  36  3:13  Oracle  
  36  3:16  Nexus  
  39  3:33  Pylon  
  39  3:42  Twilight Council  
  39  3:49  Pylon  
  39  4:02  Resonating Glaives  
  37  4:03  Stalker  
  37  4:09  Sentry  
  39  4:15  Gateway  
  36  4:18  Gateway  
  36  4:36  Adept x2  
  40  4:47  Pylon  
  39  4:58  Adept x2  
  43  5:12  Adept x2  
  43  5:13  Pylon  
  47  5:16  Pylon  
  47  5:19  Adept x2  
  51  5:32  Adept x2  

Tags
 
Add a new tag
Caveats
  • Supply blocks, unpowered buildings, or Contaminate may cause inaccurate times.
  • Supply counts are checked every 10 seconds.